 Dungeon Crawl Stone Soup version 0.26-a0-712-ga5a9c9c9d0 (webtiles) character file.

Game seed: 17818274644791550741

412 Descartes the Covert (level 6, 0/28 HPs)
             Began as a Felid Delver on Oct 31, 2020.
             Slain by an orc wizard
             ... wielding a +0 dagger of draining
              (1 damage)
             ... on level 4 of the Dungeon.
             The game lasted 00:07:42 (3335 turns).

Descartes the Covert (Felid Delver)                 Turns: 3335, Time: 00:07:43

Health: 0/28       AC:  2    Str: 10    XL:     6   Next: 59%
Magic:  7/7        EV: 20    Int: 12    God:
Gold:   195        SH:  0    Dex: 17    Spells: 5/5 levels left
                                        Lives:  0   Deaths: 1

rFire    . . .     SeeInvis +     - Unarmed
rCold    . . .     Faith    .   (shield unavailable)
rNeg     + . .     Spirit   .   (armour unavailable)
rPois    .         Reflect  .   (helmet unavailable)
rElec    .         Harm     .   (cloak unavailable)
rCorr    .         Rampage  .   (gloves unavailable)
MR       .....                  (boots unavailable)
Stlth    +++++.....             (no amulet)
HPRegen  0.09/turn              o - ring of positive energy
MPRegen  0.10/turn              (no ring)

@: lightly drained, quick
A: very small, no armour, no weapons or thrown items, stealth, claws 1, fangs 3,
see invisible, speed 1, shaggy fur 2, sharp paws
a: no special abilities


You were on level 4 of the Dungeon.
You visited 1 branch of the dungeon, and saw 5 of its levels.

You collected 195 gold pieces.

Inventory:

Missiles
 f - 65 stones
Jewellery
 o - a ring of positive energy (left paw)
Wands
 e - a wand of digging (3)
Scrolls
 a - a scroll of fog
 b - a scroll of magic mapping
 c - 2 scrolls of fear
 h - 2 scrolls of enchant armour {unknown}
 j - a scroll of teleportation
 m - a scroll of identify {unknown}
 p - 2 scrolls of remove curse {unknown}
Potions
 d - 3 potions of haste
 g - a potion of lignification {unknown}
 i - a potion of heal wounds
 k - a potion of flight {unknown}
 l - a potion of curing {unknown}
 n - a potion of cancellation {unknown}


   Skills:
 - Level 3.0(2.8) Fighting
 + Level 5.1(5.0) Dodging
 + Level 10.9(10.8) Stealth
 + Level 3.8(3.7) Unarmed Combat


You had 5 spell levels left.
You didn't know any spells.
Your spell library was empty.

Dungeon Overview and Level Annotations

Branches:
Dungeon (5/15)
 Temple: D:4-7

Altars:
Xom


Innate Abilities, Weirdness & Mutations

You cannot wear armour.
You are incapable of wielding weapons or throwing items.
Your paws allow you to move quietly. (Stealth)
You have sharp claws.
You have razor-sharp teeth.
You have supernaturally acute eyesight. (SInv)
You cover ground quickly.
You are covered in thick fur. (AC +2)
Your sharp claws are effective at attacking unaware monsters.


Message History

You enter the shallow water.
Moving in this stuff is going to be slow.
The orc wizard casts a spell at you. The magic dart hits you!
The orc throws a boomerang.
The boomerang misses you.
The weapon returns to the orc!
You scratch the orc.
The orc is almost dead.
The orc hits you with a +0 hand axe.
* * * LOW HITPOINT WARNING * * *
You scratch the orc but do no damage. You bite the orc.
You kill the orc!
The orc throws a boomerang.
The boomerang completely misses you.
The weapon returns to the orc!
The orc throws a silver boomerang.
The silver boomerang completely misses you.
The weapon returns to the orc!
The orc wizard hits you with a +0 dagger of draining.
* * * LOW HITPOINT WARNING * * *
You partially resist.
You feel drained.
You die...

........##..##......
.................#
..........).#....#
..#...#..........#.
# #.................
#.......o.#.......
#8..8o.........##.
≈≈#8.^8)....#.##.#
≈≈≈≈..≈@o..........
≈≈≈≈..≈≈≈..........
≈≈≈≈(.≈≈≈≈≈≈####.##
≈≈≈≈..≈≈≈≈≈≈≈≈≈ ...
###≈..≈≈≈≈≈≈≈≈≈ ≈≈
#8.[8≈≈≈≈≈≈≈≈
#8..8###≈≈≈≈≈ #....
####≈ #....


You could see an orc wizard and 2 orcs.

Vanquished Creatures
  A sky beast (D:5)
  An ice beast (D:5)
  An ogre (D:5)
  A centaur (D:2)
  2 orc wizards (D:3)
  2 iguanas
  4 gnolls (D:3)
  4 adders
  An ooze (D:3)
  3 worms (D:3)
  5 dart slugs
  2 leopard geckos
  9 orcs
  A giant cockroach (D:1)
  4 goblins
  7 hobgoblins
  7 jackals
  5 kobolds
  6 bats
  5 frilled lizards
  8 rats
79 creatures vanquished.

Notes
Turn   | Place    | Note
-------+----------+-------------------------------------------
     0 | D:5      | Descartes the Felid Delver began the quest for the Orb.
     0 | D:5      | Reached XP level 1. HP: 10/10 MP: 2/2
     1 | D:5      | Found a shimmering altar of Xom.
     1 | D:5      | Found a shimmering altar of Xom.
     1 | D:5      | Found a shimmering altar of Xom.
     1 | D:5      | Found a shimmering altar of Xom.
    14 | D:5      | Found a shimmering altar of Xom.
    14 | D:5      | Found a shimmering altar of Xom.
    20 | D:5      | Noticed an ice beast
    20 | D:5      | Noticed an iguana
    20 | D:5      | Noticed an ogre
    25 | D:5      | Killed an ogre
    25 | D:5      | Reached skill level 9 in Stealth
    25 | D:5      | Reached XP level 2. HP: 14/14 MP: 3/3
    25 | D:5      | Reached XP level 3. HP: 17/17 MP: 4/4
    25 | D:5      | Reached XP level 4. HP: 21/21 MP: 5/5
    26 | D:5      | Noticed an ice beast
    27 | D:5      | Killed an ice beast
    27 | D:5      | Reached skill level 10 in Stealth
    27 | D:5      | Reached XP level 5. HP: 24/24 MP: 6/6
    36 | D:5      | Noticed a sky beast
    43 | D:5      | Killed a sky beast
    43 | D:5      | Gained mutation: You are covered in thick fur. (AC +2)
                  | [Felid growth]
    43 | D:5      | Reached XP level 6. HP: 28/28 MP: 7/7
  1220 | D:2      | You fall into a shaft and drop 2 floors!
  1247 | D:4      | Killed from afar by an orc wizard
  1248 | D:4      | Reached XP level 5. HP: -4/24 MP: 6/6
  1708 | D:2      | Reached XP level 6. HP: 28/28 MP: 7/7
  3160 | D:3      | Reached skill level 5 in Dodging
  3335 | D:4      | HP: 1/28 [orc wizard/+0 dagger of draining (4)]
  3335 | D:4      | Slain by an orc wizard

Illustrated notes

Levels and vault maps discovered:
D:1:      minmay_arrival_up_and_down, layout_loops_ring,
          minmay_misc_feat_enclosed
D:2:      layout_basic, solitary_fountain, minmay_misc_feat_hallway,
          grunt_ministairs_1, kennysheep_potato
D:3:      layout_basic, minmay_increasing_density
D:4:      wander_river, layout_basic
D:5:      minmay_clustersquares, layout_basic, xom_redecorated

Skill      XL: |  1  2  3  4  5  6 |
---------------+-------------------+-----
Stealth        | 9 10 | 10.9
Dodging        | 3 5 |  5.1
Unarmed Combat | 3 |  3.8
Fighting       | |  3.0

Action                   |  1- 3 |  4- 6 || total
-------------------------+-------+-------++-------
Melee: Unarmed           |     1 |   215 ||   216
       Bite              |       |    21 ||    21
       Punch             |       |     1 ||     1
  Use: Potion            |       |     2 ||     2
       Scroll            |       |     1 ||     1
 Stab: Sleeping          |     1 |    30 ||    31
Armor: Skin              |       |    14 ||    14
Dodge: Dodged            |       |   217 ||   217

Table legend: (Time is in decaauts)
 A = Elapsed time spent in this place.
 B = Non-inter-level travel time spent in this place.
 C = Inter-level travel time spent in this place.
 D = Time resting spent in this place.
 E = Time spent auto-exploring this place.
 F = Levels seen in this place.
 G = Mean time per level.
                   A        B        C        D        E       F      G
               +--------+--------+--------+--------+--------+-----+--------+
         Total |   2875 |   2801 |     74 |      0 |   2050 |   5 |  575.0 |
       Dungeon |   2875 |   2801 |     74 |      0 |   2050 |   5 |  575.0 |
               +--------+--------+--------+--------+--------+-----+--------+

Top non-repeatable levels by time:
     D:3: 1144 daAuts
     D:2: 1098 daAuts
     D:1: 490 daAuts
     D:4: 94 daAuts
     D:5: 48 daAuts
